 Dungeon Crawl Stone Soup version 0.22.1-5-g62c59d9 (webtiles) character file.

105868 Haldmier the Peltast (level 16, -13/117 HPs)
             Began as a Merfolk Ice Elementalist on Jan 6, 2019.
             Was a High Priest of Vehumet.
             Mangled by an alligator (23 damage)
             ... on level 3 of the Swamp on Jan 7, 2019.
             The game lasted 04:18:25 (53886 turns).

Haldmier the Peltast (Merfolk Ice Elementalist)    Turns: 53886, Time: 04:18:26

Health: -13/117    AC: 11    Str:  9    XL:     16   Next: 42%
Magic:  20/26      EV: 18    Int: 20    God:    Vehumet [*****.]
Gold:   1986       SH: 16    Dex: 18    Spells: 7/29 levels left

rFire    . . .     SeeInvis .   a - +0 trident (flame)
rCold    . . .     Gourm    .   x - +0 shield
rNeg     . . .     Faith    .   O - +0 robe of Cunohudgh {*Drain +Inv Dex+3 Slay+4}
rPois    +         Spirit   .   F - +0 helmet
rElec    .         Reflect  +   I - scarf {cloud immunity}
rCorr    .         Harm     .   G - +2 pair of gloves
MR       +....                  k - +0 pair of boots
Stlth    ++........             s - +3 amulet of reflection
HPRegen  0.29/turn              Y - ring "Podops" {+Fly rPois}
MPRegen  0.20/turn              Z - +4 ring of protection

@: no status effects
A: change form in water, swift swim, stealthy swim
a: Renounce Religion, Evoke Invisibility, Evoke Flight


You were on level 3 of the Swamp.
You worshipped Vehumet.
Vehumet was extremely pleased with you.
You were not hungry.

You visited 5 branches of the dungeon, and saw 27 of its levels.
You also visited: Labyrinth and Ice Cave.

You collected 2988 gold pieces.
You spent 1002 gold pieces at shops.

Inventory:

Hand Weapons
 a - a +0 trident of flaming (weapon)
 h - the +5 trident "Fyeclif" {antimagic, rElec rF++ MR+ Str+4}
   (You found it on level 4 of the Dungeon)

   It reduces the magical energy of the wielder, and disrupts the spells and
   magical abilities of those hit.
   Natural abilities and divine invocations are not affected.
   It affects your strength (+4).
   It greatly protects you from fire.
   It insulates you from electricity.
   It affects your resistance to hostile enchantments.
Missiles
 d - 19 javelins (quivered)
 q - 4 throwing nets
Armour
 k - a +0 pair of boots (worn)
 t - +0 swamp dragon scales
 x - a +0 shield (worn)
 C - a +1 large shield of fire resistance
 D - a +2 cloak
 F - a +0 helmet (worn)
 G - a +2 pair of gloves (worn)
 I - a scarf of cloud immunity (worn)
 O - the +0 robe of Cunohudgh (worn) {*Drain +Inv Dex+3 Slay+4}
   (You found it in an ice cave)

   It affects your dexterity (+3).
   It affects your accuracy and damage with ranged weapons and melee attacks
   (+4).
   It lets you turn invisible.
   It causes draining when unequipped.
Magical Staves
 N - an uncursed staff of energy
Jewellery
 m - an uncursed ring of protection from magic
 s - a +3 amulet of reflection (around neck)
 w - the ring "Pisaew" {rN++ EV+3}
   (You found it in a labyrinth)

   [ring of evasion]

   It affects your evasion (+3).
   It greatly protects you from negative energy.
 z - an uncursed ring of fire
 T - an uncursed ring of see invisible
 U - a +5 ring of evasion
 Y - the ring "Podops" (left hand) {+Fly rPois}
   (You bought it in a shop on level 13 of the Dungeon)

   [ring of poison resistance]

   It protects you from poison.
   It lets you fly.
 Z - a +4 ring of protection (right hand)
Wands
 o - a wand of iceblast (13)
 v - a wand of scattershot (7)
 H - a wand of clouds (6)
 K - a wand of disintegration (19)
 R - a wand of digging (13)
 W - a wand of acid (25)
Scrolls
 b - 2 scrolls of identify
 j - 8 scrolls of remove curse
 l - 9 scrolls of teleportation
 E - 3 scrolls of fear
 M - 5 scrolls of blinking
Potions
 e - 3 potions of brilliance
 f - 5 potions of agility
 g - 3 potions of heal wounds
 n - 5 potions of lignification
 p - 2 potions of might
 r - a potion of invisibility
 u - 2 potions of magic
 A - 6 potions of curing
 J - a potion of flight
 S - a potion of berserk rage
 X - a potion of cancellation
Miscellaneous
 i - a lamp of fire
Comestibles
 c - 18 rations


   Skills:
 - Level 8.0 Fighting
 - Level 14.0 Polearms
 - Level 8.2 Dodging
 - Level 3.0 Stealth
 - Level 15.0 Shields
 - Level 7.0 Spellcasting
 + Level 8.0 Conjurations
 - Level 6.0 Charms
 - Level 5.0 Summonings
 - Level 3.0 Translocations
 + Level 12.8 Ice Magic
 + Level 6.3 Air Magic
 - Level 5.0 Evocations


You had 7 spell levels left.
You knew the following spells:

 Your Spells              Type           Power        Failure   Level  Hunger
a - Freeze                Ice            ####         1%          1    None
b - Throw Frost           Conj/Ice       #####.       1%          2    None
c - Ozocubu's Armour      Chrm/Ice       #####...     1%          3    #......
d - Summon Ice Beast      Ice/Summ       #####...     2%          4    ###....
e - Throw Icicle          Conj/Ice       #####...     1%          4    ###....
f - Blink                 Tloc           N/A          4%          2    None
g - Freezing Cloud        Conj/Ice/Air   #####.....   10%         6    ######.

Your spell library contained the following spells:

 Spells                   Type           Power        Failure   Level  Hunger
 Venom Bolt               Conj/Pois      ###.......   13%         5    #####..
 Magic Dart               Conj           ####         1%          1    None
 Call Imp                 Summ           ####....     1%          2    None
 Ensorcelled Hibernation  Hex/Ice        ####..       1%          2    None
 Conjure Flame            Conj/Fire      ###.....     1%          3    #......
 Dazzling Spray           Conj/Hex       ###...       1%          3    #......
 Mephitic Cloud           Conj/Pois/Air  ####....     1%          3    #......
 Poisonous Vapours        Pois/Air       ###...       3%          2    None
 Ignite Poison            Fire/Tmut/Pois #.......     8%          3    #......
 Corona                   Hex            #......      10%         1    None
 Fireball                 Conj/Fire      ###.......   13%         5    #####..
 Slow                     Hex            #.......     14%         2    None
 Confuse                  Hex            #.......     28%         3    #......
 Tukima's Dance           Hex            #.......     28%         3    #......
 Bolt of Fire             Conj/Fire      ###.......   54%         6    ######.
 Ring of Flames           Chrm/Fire      ###.......   100%        7    #######
 Ignition                 Fire           #.........   100%        8    #######


Dungeon Overview and Level Annotations

Branches:
Dungeon (15/15)            Temple (1/1) D:7            Lair (6/6) D:10
  Swamp (3/4) Lair:2       Spider (0/4) Lair:3        Slime (0/5) Lair:5
    Orc (2/2) D:10            Elf (0/3) Orc:2        Vaults (0/5) D:14
 Depths (0/5) D:15

Altars:
Ashenzari
Cheibriados
Dithmenos
Elyvilon
Fedhas
Gozag
Hepliaklqana
Kikubaaqudgha
Makhleb
Nemelex Xobeh
Okawaru
Qazlal
Ru
Sif Muna
Trog
Uskayaw
Vehumet
Wu Jian
Xom
Yredelemnul
Zin
The Shining One
Beogh
Jiyva

Shops:
D:12 *   D:13 =   Orc:2 *[=(

Portals:
Trove: D:11 (give +7 demon whip)

Annotations:
D:15 Roxanne
Lair:6 3 runed doors, diana's ghost, journeyman DsGl


Message History

Your icy armour cracks and falls away as you move.
The tyrant leech bites you!
* * * LOW HITPOINT WARNING * * *
The tyrant leech draws strength from your injuries!
The alligator bites your ice beast!!
Your ice beast dies!
The slime creature hits your ice beast.
Your ice beast hits the tyrant leech but does no damage.
The vampire mosquito bites your ice beast!
Your ice beast hits the tyrant leech but does no damage.
Things that are here:
+0 swamp dragon scales; a swamp dragon corpse Your ice beast disappears in a puff of smoke!
The vampire mosquito bites your ice beast!
Your ice beast dies!
The tyrant leech bites you!!
* * * LOW HITPOINT WARNING * * *
The tyrant leech draws strength from your injuries!
The alligator bites you!!
You die...

≈.♣≈≈≈ ≈♣♣
.....≈≈ ♣..♣♣
≈.♣≈≈≈.♣♣...♣♣♣♣♣
........≈.≈.....♣
≈.."≈.≈≈≈≈..≈≈..
♣.≈≈.≈≈≈≈...≈≈.
♣≈♣≈≈≈J≈≈≈≈≈.≈≈≈≈
.≈≈.♣♣>≈†≈≈≈.≈≈.≈
..≈.≈≈†J[@.≈.≈≈..
♣$≈≈≈≈≈≈w♣t≈.≈≈≈≈
♣≈≈≈≈.≈y†≈≈♣.≈...
♣≈≈.≈≈≈≈.♣≈≈.≈≈.≈
♣...♣≈≈..♣≈♣≈≈§.≈
♣♣...≈≈.♣♣..≈≈≈.≈
♣.≈≈.♣≈.♣ ♣.≈§§.§
♣♣...≈≈.♣ .§≈≈≈
♣...≈≈. ≈♣≈


You could see an alligator, a tyrant leech, 2 slime creatures and a vampire
mosquito.

Vanquished Creatures
  Rupert (Orc:2)
  Kirke (Lair:4)
  2 orc warlords (Orc:1)
  A minotaur (Lab)
  Fannar (Lair:2)
  A rakshasa (D:14)
  A vault guard (D:14)
  5 hydras
  3 alligators
  A catoblepas (Lair:4)
  2 ogre magi
  5 tengu warriors
  4 centaur warriors
  13 two-headed ogres
  5 orc high priests
  Urug (Lair:5)
  An unseen horror (D:10)
  3 swamp dragons
  A deep elf archer (D:14)
  Pikel (D:7)
  2 wizards (D:15)
  A deep elf mage (D:15)
  2 orc knights
  5 orc sorcerers
  A necromancer (IceCv)
  7 ugly things
  3 oklob plants (Lair:2)
  2 manticores (Lair:6)
  2 centaur zombies
  14 elephants
  3 cyclopes
  4 ice statues (IceCv)
  Maurice (Orc:1)
  4 black mambas
  2 naga magi (D:15)
  9 spiny frogs
  Psyche (D:12)
  A rime drake (Lair:4)
  9 komodo dragons
  5 ice devils (IceCv)
  A freezing wraith (D:14)
  5 trolls
  A jumping spider (Lair:3)
  4 hornets
  7 polar bears
  Prince Ribbit (D:8)
  A wind drake (Lair:6)
  3 bog bodies
  5 tyrant leeches
  5 blink frogs
  3 hippogriffs
  9 slime creatures
  A meliai zombie (D:15)
  A spriggan (Swamp:2)
  A shadow (D:13)
  3 redbacks (Lair:3)
  2 wraiths
  A vampire (D:13)
  A hog (Lair:4)
  15 yaks
  6 wyverns
  2 wargs
  5 vampire mosquitoes
  A hungry ghost (D:14)
  6 insubstantial wisps
  6 swamp worms
  5 water moccasins
  2 soldier ants (D:13)
  11 porcupines
  25 orc warriors
  A swamp drake (Swamp:1)
  3 ice beasts
  3 black bears
  10 ogres
  6 sky beasts
  3 slaves
  4 phantoms
  An ogre (shapeshifter) (D:13)
  A hornet zombie (D:8)
  2 wolves (Lair:5)
  19 centaurs
  13 crocodiles
  11 bullfrogs
  5 big kobolds
  3 scorpions
  12 wights
  3 howler monkeys (D:8)
  An electric eel (Lair:2)
  3 crimson imps
  6 jellies
  3 draconian simulacra (IceCv)
  4 hounds
  A bullfrog zombie (D:11)
  8 centaur skeletons
  10 orc priests
  A bullfrog skeleton (D:13)
  14 orc wizards
  Jessica (D:3)
  An iguana (D:5)
  A spriggan simulacrum (IceCv)
  13 worker ants
  2 troll simulacra (IceCv)
  3 centaur simulacra (IceCv)
  3 ogre skeletons (Lab)
  2 hound zombies (D:6)
  A worker ant zombie (D:6)
  3 gnolls
  2 howler monkey skeletons
  A naga simulacrum (IceCv)
  9 adders
  4 shadow imps
  11 white imps (Lair:5)
  2 oozes
  2 adder skeletons
  4 worms
  2 dart slugs
  3 leopard geckos
  69 orcs
  3 ball pythons
  4 giant cockroaches
  5 goblins
  6 hobgoblins
  3 jackals (D:7)
  5 quokkas
  5 bats
  3 frilled lizards (D:1)
  23 kobolds
  A leopard gecko skeleton (D:5)
  4 rats
  A fungus (Lair:4)
  2 plants (Lair:2)
625 creatures vanquished.

Vanquished Creatures (collateral kills)
  Harold (D:10)
  5 hydras
  A merfolk avatar (Lair:6)
  3 two-headed ogres
  5 alligators
  2 tengu warriors
  Nergalle (D:12)
  An orc knight (Orc:1)
  An orc sorcerer (Orc:1)
  A manticore (Lair:6)
  An oklob plant (Lair:6)
  A cyclops (D:14)
  10 elephants
  A centaur zombie (D:14)
  5 spiny frogs
  A torpor snail (Lair:2)
  A black mamba (Lair:4)
  5 komodo dragons
  A rime drake (Lair:6)
  A jumping spider (Lair:3)
  A polar bear (Lair:3)
  A troll (Orc:1)
  A hornet (Swamp:2)
  4 bog bodies (Lair:2)
  2 slime creatures (Swamp:2)
  A hippogriff (Lair:6)
  4 blink frogs
  2 redbacks
  3 wyverns (Lair:6)
  11 yaks
  A hog (Lair:5)
  6 wargs
  A vampire mosquito (D:14)
  2 swamp worms
  2 water moccasins
  4 orc warriors
  A porcupine (Lair:4)
  A hornet zombie (D:10)
  A black bear (D:10)
  3 ogres
  2 wolves (Lair:5)
  A centaur (D:10)
  2 crocodiles
  3 bullfrogs
  A scorpion (D:9)
  4 orc priests (Orc:1)
  A bullfrog skeleton (D:9)
  2 orc wizards (Orc:2)
  A white imp (Lair:5)
  A leopard gecko (D:11)
  18 orcs
136 creatures vanquished.

Vanquished Creatures (others)
  Sonja (D:12)
  A tyrant leech (Swamp:3)
  2 humans (Lair:5)
  2 orc warriors (Orc:2)
  7 centaurs
  A jelly (Lair:5)
  2 orc wizards (Orc:1)
  20 fungi
  29 plants
65 creatures vanquished.

Grand Total: 826 creatures vanquished

Notes
Turn   | Place    | Note
-------+----------+-------------------------------------------
     0 | D:1      | Haldmier the Merfolk Ice Elementalist began the quest for
                  | the Orb.
     0 | D:1      | Reached XP level 1. HP: 13/13 MP: 3/3
   334 | D:1      | Reached XP level 2. HP: 20/20 MP: 3/5
   540 | D:1      | Learned a level 2 spell: Throw Frost
  1486 | D:2      | Reached XP level 3. HP: 24/25 MP: 2/6
  1611 | D:2      | Reached skill level 1 in Conjurations
  2794 | D:2      | Reached skill level 1 in Fighting
  2794 | D:2      | Reached XP level 4. HP: 30/32 MP: 3/7
  3159 | D:3      | Learned a level 3 spell: Ozocubu's Armour
  4268 | D:2      | Reached XP level 5. HP: 28/37 MP: 2/8
  4865 | D:3      | Noticed Jessica
  4868 | D:3      | Killed Jessica
  4868 | D:3      | Reached skill level 1 in Charms
  5426 | D:4      | Noticed an ogre
  5501 | D:4      | Reached XP level 6. HP: 30/44 MP: 4/10
  5926 | D:4      | Got a smoking trident
  5927 | D:4      | Identified the +5 trident "Fyeclif" {antimagic, rElec rF++
                  | MR+ Str+4} (You found it on level 4 of the Dungeon)
  5947 | D:4      | Reached skill level 1 in Polearms
  6286 | D:4      | Reached skill level 5 in Ice Magic
  6466 | D:4      | Reached XP level 7. HP: 46/51 MP: 0/11
  6552 | D:5      | Entered Level 5 of the Dungeon
  7484 | D:5      | Reached XP level 8. HP: 42/58 MP: 0/13
  7724 | D:5      | Found a glowing silver altar of Zin.
  7874 | D:6      | Reached skill level 5 in Dodging
  8398 | D:6      | Found an ornate altar of the Wu Jian Council.
  8806 | D:7      | Found a staircase to the Ecumenical Temple.
  8844 | Temple   | Entered the Ecumenical Temple
  9506 | Temple   | Became a worshipper of Vehumet
  9616 | D:7      | Reached XP level 9. HP: 41/65 MP: 1/15
  9952 | D:7      | Reached skill level 5 in Polearms
 10389 | D:7      | Reached skill level 5 in Fighting
 10461 | D:7      | Noticed Pikel
 10826 | D:7      | Killed Pikel
 10826 | D:7      | Reached skill level 5 in Charms
 11168 | D:7      | Learned a level 4 spell: Summon Ice Beast
 11244 | D:8      | Noticed Prince Ribbit
 11257 | D:8      | Killed Prince Ribbit
 11257 | D:8      | Reached skill level 1 in Summonings
 11533 | D:8      | Reached XP level 10. HP: 76/76 MP: 2/16
 11986 | D:8      | Reached skill level 1 in Shields
 12064 | D:8      | Noticed a two-headed ogre
 12188 | D:8      | Killed a two-headed ogre
 12188 | D:8      | Reached skill level 2 in Shields
 12347 | D:8      | Reached skill level 3 in Shields
 12639 | D:8      | Reached * piety under Vehumet
 12639 | D:8      | Offered knowledge of Flame Tongue by Vehumet.
 12659 | D:8      | Learned a level 4 spell: Throw Icicle
 13165 | D:9      | Reached skill level 4 in Shields
 13553 | D:9      | Learned a level 2 spell: Blink
 13759 | D:10     | Entered Level 10 of the Dungeon
 13759 | D:10     | Noticed a two-headed ogre
 13915 | D:10     | Killed an unseen horror
 13915 | D:10     | Reached skill level 5 in Shields
 13915 | D:10     | Reached skill level 1 in Translocations
 14387 | D:10     | Offered knowledge of Sandblast by Vehumet.
 14394 | D:10     | Killed a two-headed ogre
 14394 | D:10     | Reached ** piety under Vehumet
 14598 | D:10     | Noticed Harold
 15147 | D:10     | Reached skill level 6 in Shields
 15234 | D:10     | Reached XP level 11. HP: 53/83 MP: 9/17
 15283 | D:10     | Reached skill level 5 in Summonings
 16289 | D:10     | Found a staircase to the Orcish Mines.
 16595 | D:10     | Found a staircase to the Lair.
 16604 | Lair:1   | Entered Level 1 of the Lair of Beasts
 16698 | Lair:1   | Reached skill level 7 in Shields
 18272 | Lair:2   | Reached skill level 8 in Shields
 18599 | Lair:2   | Noticed Fannar
 18720 | Lair:2   | Offered knowledge of Stone Arrow by Vehumet.
 18860 | Lair:2   | Reached skill level 9 in Shields
 19012 | Lair:2   | Noticed an oklob plant
 19012 | Lair:2   | Noticed an oklob plant
 19024 | Lair:2   | Noticed an eight-headed hydra
 20007 | Lair:2   | Reached skill level 10 in Shields
 21129 | Lair:3   | Found a bloodstained altar of Trog.
 21852 | D:10     | Killed Harold
 22105 | D:10     | Found a staircase to the Orcish Mines.
 22338 | D:10     | Found a staircase to the Lair.
 22379 | Orc:1    | Entered Level 1 of the Orcish Mines
 22394 | Orc:1    | Reached skill level 11 in Shields
 22688 | D:10     | Reached XP level 12. HP: 68/89 MP: 9/18
 22784 | Orc:1    | Reached *** piety under Vehumet
 23128 | Orc:1    | Found a roughly hewn altar of Beogh.
 23262 | Orc:2    | Entered Level 2 of the Orcish Mines
 23339 | Orc:1    | Noticed an orc warlord
 23636 | D:11     | Got a crude hand axe
 23734 | D:11     | Identified the +3 hand axe of the Little People {elec, rF+
                  | Str+2 Stlth+} (You found it on level 11 of the Dungeon)
 24144 | D:11     | Offered knowledge of Force Lance by Vehumet.
 24195 | D:11     | Noticed a two-headed ogre
 24233 | D:11     | Killed a two-headed ogre
 24288 | D:11     | Found a portal to a secret trove of treasure.
 25140 | Lair:2   | Killed an eight-headed hydra
 25304 | Lair:2   | Reached skill level 12 in Shields
 26197 | Lair:2   | Found a staircase to the Swamp.
 26707 | Lair:3   | HP: 4/89 [poisoned by a redback]
 26712 | Lair:3   | HP: 2/89 [poisoned by a redback]
 26718 | Lair:3   | HP: 1/89 [poisoned by a redback]
 26726 | Lair:3   | HP: 1/89 [poisoned by a redback]
 26734 | Lair:3   | HP: 1/89 [poisoned by a redback]
 27416 | Lair:3   | Found a hole to the Spider Nest.
 28035 | Lair:4   | Noticed a catoblepas
 28188 | Lair:4   | Reached **** piety under Vehumet
 28404 | Lair:4   | Offered knowledge of Fulminant Prism by Vehumet.
 28475 | Lair:4   | Upgraded the game from 0.22.1-2-g9c5b331 to
                  | 0.22.1-5-g62c59d9
 28933 | Lair:3   | Reached skill level 5 in Spellcasting
 29270 | Lair:4   | Killed a catoblepas
 29940 | Lair:5   | Noticed a five-headed hydra
 29950 | Lair:5   | Killed a five-headed hydra
 29950 | Lair:5   | Reached XP level 13. HP: 71/98 MP: 7/21
 30145 | Lair:5   | Found a frozen archway.
 30154 | IceCv    | Entered an ice cave
 30503 | IceCv    | HP: 2/98 [ice devil (18)]
 31289 | IceCv    | Reached skill level 10 in Polearms
 31900 | IceCv    | HP: 3/98 [ice devil (16)]
 32313 | IceCv    | Got a fine robe
 32544 | IceCv    | Identified the cursed +0 robe of Cunohudgh {*Drain +Inv
                  | Dex+3 Slay+4} (You found it in an ice cave)
 32906 | Lair:5   | Noticed Kirke
 32915 | Lair:5   | Found a staircase to the Slime Pits.
 33177 | Lair:4   | Killed Kirke
 33327 | Lair:5   | Noticed Urug
 33346 | Lair:5   | Killed Urug
 33346 | Lair:5   | Reached ***** piety under Vehumet
 33599 | Lair:5   | Offered knowledge of Iskenderun's Mystic Blast by Vehumet.
 33958 | Lair:2   | Killed Fannar
 33958 | Lair:2   | Reached skill level 13 in Shields
 33958 | Lair:2   | Reached skill level 1 in Evocations
 35339 | Lair:6   | Entered Level 6 of the Lair of Beasts
 36781 | Lair:6   | Reached XP level 14. HP: 68/105 MP: 11/23
 37109 | Lair:6   | Reached skill level 10 in Ice Magic
 37113 | Lair:6   | Reached skill level 5 in Conjurations
 37557 | Lair:6   | Found a runed gate.
 37558 | Lair:6   | Found a runed gate.
 37559 | Lair:6   | Found a runed gate.
 37561 | Lair:6   | Noticed diana's ghost (journeyman DsGl)
 37563 | Lair:6   | Found a viscous altar of Jiyva.
 37903 | Lair:6   | Identified the +7 whip of the Exiled Demons {slash, Str+4}
                  | (You found it on level 6 of the Lair of Beasts)
 37985 | Lair:6   | Offered knowledge of Airstrike by Vehumet.
 38783 | Orc:1    | Killed an orc warlord
 39333 | Orc:2    | Found Teydan Naosu's Antique Weapon Emporium.
 39333 | Orc:2    | Noticed Maurice
 39625 | Orc:2    | Noticed Rupert
 40486 | Orc:1    | Killed Maurice
 40496 | Orc:1    | Learned a level 6 spell: Freezing Cloud
 40768 | Orc:2    | Found a staircase to the Elven Halls.
 40775 | Orc:2    | Found Evel's General Store.
 40992 | Orc:2    | Found a bloodstained altar of Trog.
 41034 | Orc:2    | Noticed an orc warlord
 41438 | Orc:2    | Killed Rupert
 41438 | Orc:2    | Reached skill level 1 in Air Magic
 41438 | Orc:2    | Reached skill level 5 in Evocations
 41851 | Orc:2    | Found Ottiesuw's Jewellery Shoppe.
 41969 | Orc:2    | Paralysed by an orc sorcerer for 2 turns
 42581 | Orc:1    | Killed an orc warlord
 42925 | Orc:2    | Found Dedin's Antique Armour Shop.
 42933 | Orc:2    | Bought a pair of runed gloves for 247 gold pieces
 42933 | Orc:2    | Bought a pair of embroidered gloves for 247 gold pieces
 43482 | D:12     | Noticed Nergalle
 43493 | D:12     | Killed Nergalle
 43696 | D:12     | Found Uggy's General Store.
 43704 | D:12     | Bought a ration for 65 gold pieces
 43704 | D:12     | Bought a ration for 65 gold pieces
 43723 | D:12     | Found a radiant altar of Vehumet.
 43724 | D:12     | Noticed Sonja
 43736 | D:12     | Killed Sonja
 44069 | D:12     | Noticed Psyche
 44076 | D:12     | Killed Psyche
 44183 | D:13     | Offered knowledge of Lightning Bolt by Vehumet.
 44199 | D:13     | Reached XP level 15. HP: 110/110 MP: 8/25
 44407 | D:13     | Found Xuyth's Jewellery Emporium.
 44415 | D:13     | Bought the ring "Podops" {+Fly rPois} for 378 gold pieces
 45065 | D:14     | Reached skill level 14 in Shields
 45363 | D:14     | Found a labyrinth entrance.
 45374 | Lab      | Entered a labyrinth
 45737 | Lab      | Found the +6 shillelagh "Devastator" {shatter}
 45737 | Lab      | Got a transparent turquoise ring
 46809 | D:14     | Found a gate to the Vaults.
 47313 | D:15     | Entered Level 15 of the Dungeon
 47330 | D:14     | Offered knowledge of Venom Bolt by Vehumet.
 47580 | D:15     | Noticed Roxanne
 48948 | D:15     | Reached skill level 5 in Air Magic
 50060 | D:15     | Found a glowing golden altar of the Shining One.
 50303 | D:15     | Found a staircase to the Depths.
 50311 | D:15     | Reached XP level 16. HP: 105/117 MP: 4/26
 50650 | D:13     | Identified the ring "Pisaew" {rN++ EV+3} (You found it in a
                  | labyrinth)
 50887 | Swamp:1  | Entered Level 1 of the Swamp
 50923 | Swamp:1  | Reached skill level 15 in Shields
 53886 | Swamp:3  | Mangled by an alligator

Skill      XL: |  1  2  3  4  5  6  7  8  9 10 11 12 13 14 15 16 |
---------------+-------------------------------------------------+-----
Dodging        | 3 4 5 7 8 |  8.2
Conjurations   | 1 2 3 4 6 7 8 |  8.0
Fighting       | 1 2 3 4 6 7 8 |  8.0
Ice Magic      | 4 5 6 7 8 9 11 12 | 12.8
Stealth        | 3 |  3.0
Charms         | 1 2 3 5 6 |  6.0
Polearms       | 1 3 4 7 9 11 13 14 | 14.0
Spellcasting   | 3 4 5 6 7 |  7.0
Summonings     | 1 4 5 |  5.0
Shields        | 6 11 12 13 14 15 | 15.0
Translocations | 2 3 |  3.0
Evocations     | 3 5 |  5.0
Air Magic      | 2 5 6 |  6.3

Action                   |  1- 3 |  4- 6 |  7- 9 | 10-12 | 13-15 | 16-18 || total
-------------------------+-------+-------+-------+-------+-------+-------++-------
Melee: Halberd           |       |     4 |       |    44 |       |       ||    48
       Quarterstaff      |       |    11 |       |   457 |       |       ||   468
       Trident           |       |    37 |   366 |   253 |  2149 |   407 ||  3212
       Whip              |       |       |       |    19 |       |       ||    19
       Short sword       |       |       |       |     4 |       |       ||     4
       Hand axe          |       |       |       |   177 |    53 |       ||   230
       Tailslap          |       |       |       |     1 |     3 |     7 ||    11
Throw: Stone             |    21 |     7 |    17 |       |       |       ||    45
       Tomahawk          |       |       |     8 |    11 |     9 |       ||    28
       Javelin           |       |       |       |       |     3 |     2 ||     5
 Cast: Freeze            |    64 |    80 |    17 |   121 |    24 |     1 ||   307
       Ozocubu's Armour  |       |     5 |    18 |    70 |    90 |    21 ||   204
       Summon Ice Beast  |       |       |       |   127 |   160 |    37 ||   324
       Throw Icicle      |       |       |       |    10 |    10 |     2 ||    22
       Throw Frost       |       |       |       |    10 |     9 |     3 ||    22
       Blink             |       |       |       |     1 |     3 |       ||     4
       Freezing Cloud    |       |       |       |       |       |     1 ||     1
 Abil: Evoke Invisibilit |       |       |       |       |     2 |       ||     2
Evoke: Wand              |       |       |       |     3 |     8 |       ||    11
  Use: Scroll            |       |     4 |    10 |    12 |     9 |     3 ||    38
       Potion            |       |       |       |     2 |     5 |       ||     7
 Stab: Sleeping          |       |     3 |     6 |    10 |    16 |       ||    35
       Distracted        |       |     1 |       |    10 |    30 |     4 ||    45
       Invisible         |       |       |       |       |    14 |       ||    14
  Eat: Chunk             |     7 |    13 |    14 |    46 |    52 |    14 ||   146
       Ration            |       |       |     1 |    13 |    13 |     1 ||    28
Armor: Robe              |     5 |     6 |     9 |   231 |   283 |    45 ||   579
       Leather armour    |       |    12 |    93 |       |       |       ||   105
Dodge: Dodged            |    33 |    72 |   220 |   702 |   708 |   127 ||  1862
Block: Shield            |       |       |       |   150 |  1115 |   197 ||  1462
       Reflection        |       |       |       |       |    95 |     2 ||    97
